 Dungeon Crawl Stone Soup version 0.18.1-48-g4cf74bf (webtiles) character file.

226 Heedrag the Firebug (level 6, 19/36 HPs)
             Began as an Octopode Fire Elementalist on Aug 26, 2016.
             Quit the game on level 4 of the Dungeon.
             The game lasted 00:05:05 (2329 turns).

Heedrag the Firebug (Octopode Fire Elementalist)    Turns: 2329, Time: 00:05:06

Health: 19/36      AC:  1    Str:  8    XL:     6   Next: 1%
Magic:  0/12       EV: 12    Int: 18    God:
Gold:   100        SH:  0    Dex: 13    Spells: 3 memorised, 7 levels left

rFire  + . .     SeeInvis .     e - +0 dagger (venom)
rCold  . . .     Gourm    .     (no shield)
rNeg   . . .     Faith    .     (helmet restricted)
rPois  .         Spirit   .     (no amulet)
rElec  .         Dismiss  .     m - ring of protection from fire
rCorr  .         Reflect  .     q - ring of loudness (curse)
SustAt .         Harm     .     (no ring)
MR     .....                    (no ring)
Stlth  ++........               (no ring)
                                (no ring)
                                (no ring)
                                (no ring)

@: not resistant to hostile enchantments, unstealthy
A: almost no armour, amphibious, 8 rings, constrict 8, camouflage 1, gelatinous
body 1
a: no special abilities


You were on level 4 of the Dungeon.
You were not hungry.

You visited 1 branch of the dungeon, and saw 4 of its levels.

You collected 100 gold pieces.

Inventory:

Hand Weapons
 e - a +0 dagger of venom (weapon)
Jewellery
 m - a ring of protection from fire (left tentacle)
 q - a cursed ring of loudness (right tentacle)
Scrolls
 i - a scroll of immolation {unknown}
 j - 3 scrolls of fog {unknown}
 n - 3 scrolls of remove curse {unknown}
 o - a scroll of random uselessness {unknown}
 p - a scroll of recharging {unknown}
 t - a scroll of magic mapping {unknown}
Potions
 c - 3 potions of curing {unknown}
 f - a potion of resistance {unknown}
 g - 2 potions of heal wounds {unknown}
 h - 3 potions of flight {unknown}
 k - a potion of haste {unknown}
 s - a potion of magic {unknown}
Books
 a - a book of Flames

   Spells                             Type                      Level
   a - Flame Tongue                   Conjuration/Fire             1
   b - Throw Flame                    Conjuration/Fire             2
   c - Conjure Flame                  Conjuration/Fire             3
   d - Inner Flame                    Hexes/Fire                   3
   e - Sticky Flame                   Conjuration/Fire             4
   f - Fireball                       Conjuration/Fire             5
 r - a book of Dreams

   Spells                             Type                      Level
   a - Ensorcelled Hibernation        Hexes/Ice                    2
   b - Silence                        Hexes/Air                    5
   c - Darkness                       Hexes                        6
   d - Shadow Creatures               Summoning                    6
Comestibles
 b - 5 bread rations
 d - a chunk of flesh
 l - 2 slices of pizza


   Skills:
 - Level 2.0 Dodging
 - Level 2.6 Stealth
 * Level 4.0 Spellcasting
 + Level 3.0 Conjurations
 + Level 4.2 Fire Magic


You had 7 spell levels left.
You knew the following spells:

 Your Spells              Type           Power        Failure   Level  Hunger
a - Flame Tongue          Conj/Fire      ###..        3%          1    None
b - Throw Flame           Conj/Fire      ###...       6%          2    ##.....
c - Conjure Flame         Conj/Fire      ###.....     12%         3    ###....


Dungeon Overview and Level Annotations

Branches:
Dungeon (4/15)
 Temple: D:4-7

Altars:
Zin


Innate Abilities, Weirdness & Mutations

You cannot wear most types of armour.
You are amphibious.
You can wear up to eight rings at the same time.
You can use your tentacles to constrict eight enemies at once.
Your skin changes colour to match your surroundings (Stealth).
Your rubbery body absorbs attacks (AC +1).


Message History

Confirm wit' . or Enter, or press ? or * ta list all spells.
Ye dinnae haf enough magic ta cast tha spell.
Unknown command.
Castin': Throw Flame Confirm wit' . or Enter, or press ? or * ta list all spells.
Ye cannae see any susceptible monsters within range! (Use Z ta cast anyway.) Unknown command.
Castin': Throw Flame Confirm wit' . or Enter, or press ? or * ta list all spells.
Aimin': Flame Tongue
Press: ? - help, Shift-Dir - straight line, f/p - adder
Aim: an adder (severely wounded) Tha flame tongue hits tha adder.
Ye kill tha adder!
Yer Conjurations skill increases ta level 3!
Ye haf reached level 6!
Yer 'sperience leads ta an increase in yer attributes!
Increase (S)tr'ngth, (I)ntelligence, or (D)'sterity?
Ye feel stronger.
Be ye sure ye want ta abandon 'tis character an' quit tha game? (Confirm wit' "aye".)

###############
.......@..†....
.###....######.
#....# #....#
######


There were no monsters in sight!

Vanquished Creatures
  An orc priest (D:3)
  A giant frog skeleton (D:4)
  Natasha (thrice) (D:2)
  A gnoll (D:1)
  An adder (D:4)
  An ooze (D:2)
  2 worms
  2 dart slugs
  4 giant geckos
  4 orcs (D:3)
  A ball python (D:1)
  4 giant cockroaches
  2 goblins
  9 hobgoblins
  A jackal (D:1)
  7 kobolds
  2 quokkas
  6 bats
  2 giant newts (D:2)
  3 rats (D:1)
57 creatures vanquished.

Notes
Turn   | Place    | Note
--------------------------------------------------------------
     0 | D:1      | Heedrag the Octopode Fire Elementalist began the quest for the Orb.
     0 | D:1      | Reached XP level 1. HP: 11/11 MP: 3/3
   124 | D:1      | Reached XP level 2. HP: 13/17 MP: 0/5
   412 | D:1      | Reached XP level 3. HP: 21/21 MP: 6/6
  1078 | D:2      | Noticed Natasha
  1086 | D:2      | Killed Natasha
  1086 | D:2      | Reached XP level 4. HP: 4/27 MP: 3/8
  1096 | D:2      | Learned a level 2 spell: Throw Flame
  1100 | D:2      | Learned a level 3 spell: Conjure Flame
  1646 | D:2      | Noticed Natasha
  1649 | D:2      | Killed Natasha
  1649 | D:2      | Reached XP level 5. HP: 31/31 MP: 5/10
  1653 | D:2      | Noticed Natasha
  1661 | D:2      | Killed Natasha
  1930 | D:3      | Found a glowing silver altar of Zin.
  2328 | D:4      | Reached XP level 6. HP: 19/36 MP: 0/12
  2329 | D:4      | Quit the game

Skill      XL: |  1  2  3  4  5 |
---------------+----------------+-----
Spellcasting   | 3 4 |  4.0
Conjurations   | 2 3 |  3.0
Fire Magic     | 4 |  4.2
Dodging        | |  2.0
Stealth        | |  2.6

Action                   |  1- 3 |  4- 6 || total
-------------------------+-------+-------++-------
Melee: Unarmed           |     9 |       ||     9
       Constrict         |    15 |     7 ||    22
       Tentacles         |     7 |     3 ||    10
       Dagger            |    42 |    23 ||    65
 Cast: Flame Tongue      |    15 |    37 ||    52
       Throw Flame       |       |     2 ||     2
 Stab: Sleeping          |    11 |     5 ||    16
  Eat: Chunk             |     1 |     3 ||     4
Armor: Skin              |     6 |       ||     6
Dodge: Dodged            |    31 |    14 ||    45
